 Dungeon Sprint DCSS version 0.30.1-4-g462c640d31 (webtiles) character file.

Game seed: 13607242434033691313

4502 Heoruswealwe the Ninja (level 10, -2/56 HPs)
             Began as a Spriggan Monk on Sept 8, 2023.
             Was an Initiate of Gozag.
             Slain by a deep troll (17 damage)
             ... in the Dungeon (Sprint I: "Red Sonja").
             The game lasted 00:09:00 (429 turns).

Heoruswealwe the Ninja (Spriggan Monk)               Turns: 429, Time: 00:09:01

Health: -2/56      AC:  2    Str:  7    XL:     10   Next: 16%
Magic:  11/11      EV: 28    Int: 13    God:    Gozag
Gold:   434        SH:  0    Dex: 21    Spells: 9/9 levels left

rFire   . . .        a - +0 short sword
rCold   . . .        (no shield)
rNeg    . . .        c - +0 robe
rPois   .            (helmet restricted)
rElec   .            (no cloak)
rCorr   .            (gloves unavailable)
SInv    +            (boots unavailable)
Will    +....        (no amulet)
Stlth   ++++++++++   (no ring)
HPRegen 0.29/turn    (no ring)
MPRegen 0.12/turn

%: no teleportation
@: hasted, very quick
A: very small, no large weapons, unfitting armour, see invisible, speed 3
a: Renounce Religion, Potion Petition, Call Merchant, Bribe Branch


You were in the Dungeon.
You worshipped Gozag.
Gozag was aware of your devotion.
You visited 1 branch You collected 470 gold pieces.
You donated 36 gold pieces to Zin.

Inventory:

Hand Weapons
 a - a +0 short sword (weapon)
Armour
 c - a +0 robe (worn)
Wands
 i - a wand of digging (3)
Scrolls
 b - a scroll of immolation {unknown}
 j - a scroll of blinking
Potions
 d - a potion of flight {unknown}
 g - a potion of haste


   Skills:
 + Level 7.7 Fighting
 + Level 10.0 Short Blades
 * Level 12.6 Dodging
 O Level 27 Stealth


You had 9 spell levels left.
You didn't know any spells.
Your spell library was empty.

Dungeon Overview and Level Annotations

Branches:
Dungeon (1/1)

Altars:
Cheibriados
Dithmenos
Elyvilon
Fedhas
Gozag
Hepliaklqana
Kikubaaqudgha
Nemelex Xobeh
Okawaru
Qazlal
Ru
Sif Muna
Trog
Uskayaw
Vehumet
Wu Jian
Yredelemnul
Zin
The Shining One

Shops:
D *[


Innate Abilities, Weirdness & Mutations

You are very small and have problems with some larger weapons.
You are too small for most types of armour.
You have supernaturally acute eyesight. (SInv)
You cover ground extremely quickly. (Speed+++)


Message History

* * * LOW HITPOINT WARNING * * *
The deep troll completely misses you. x2
You puncture the deep troll!
The deep troll is moderately wounded.
You hit the deep troll.
The deep troll is heavily wounded.
You hit the deep troll.
The deep troll is heavily wounded.
The deep troll misses you. x2; The deep troll completely misses you.
You barely miss the deep troll.
The deep troll is heavily wounded.
You closely miss the deep troll.
The deep troll is heavily wounded.
The deep troll misses you. The deep troll barely misses you.
The deep troll closely misses you.
You hit the deep troll but do no damage.
The deep troll is heavily wounded.
You closely miss the deep troll.
The deep troll is heavily wounded.
You closely miss the deep troll.
The deep troll is heavily wounded.
The deep troll bites you.
* * * LOW HITPOINT WARNING * * *
The deep troll claws you.
* * * LOW HITPOINT WARNING * * *
The deep troll claws you.
* * * LOW HITPOINT WARNING * * *
You feel better.
You hit the deep troll but do no damage.
The deep troll is heavily wounded.
The deep troll misses you. The deep troll closely misses you. x2
You hit the deep troll.
The deep troll is heavily wounded.
You barely miss the deep troll.
The deep troll is heavily wounded.
You puncture the deep troll!
The deep troll is heavily wounded.
The deep troll misses you. The deep troll claws you!
You die...
Your body crumbles into a pile of gold.

#..#####'#####'#
#..####..#...#.#
#..#__####..##.# $$
#..#_____##'#_.+
#⌠⌠#_.∩..†'..._# $$
##.#_..__##_.#'#
#..#_____###'#(# $ $
############.####+###$
$
#∩........'.@T'$$.$$+
###''''####.).#######
$ #.......####.##
#........#$#+#$ $
#..#.....#$ $ $ $
#........#$ $
#.....#..# $
#........# #..#.....#
$ $


You could see a deep troll.

Vanquished Creatures
  Sonja (D)
  8 shining eyes (D)
  Sigmund (D)
  A yak (D)
  4 floating eyes (D)
  An ogre (D)
  A jelly (D)
  Ijyb (D)
18 creatures vanquished.

Notes
Turn   | Place    | Note
-------+----------+-------------------------------------------
     0 | D        | Heoruswealwe the Spriggan Monk began the quest for the Orb.
     0 | D        | Reached XP level 1. HP: 11/11 MP: 2/2
     6 | D        | Noticed Ijyb
    17 | D        | Killed Ijyb
    18 | D        | Reached skill level 8 in Stealth
    18 | D        | Reached XP level 2. HP: 12/16 MP: 3/3
    81 | D        | Noticed an ogre
    84 | D        | Killed an ogre
    85 | D        | Reached skill level 13 in Stealth
    85 | D        | Reached XP level 3. HP: 19/19 MP: 4/4
    85 | D        | Reached XP level 4. HP: 23/23 MP: 5/5
    93 | D        | Noticed Sigmund
    96 | D        | Killed Sigmund
    97 | D        | Reached skill level 18 in Stealth
    97 | D        | Reached XP level 5. HP: 27/27 MP: 6/6
    97 | D        | Reached XP level 6. HP: 32/32 MP: 7/7
   109 | D        | Found an ornate altar of the Wu Jian Council.
   109 | D        | Found a shimmering blue altar of Sif Muna.
   111 | D        | Found a radiant altar of Vehumet.
   116 | D        | Reached skill level 19 in Stealth
   144 | D        | Found Koak Yth's Antique Armour Emporium.
   144 | D        | Found an ancient bone altar of Kikubaaqudgha.
   144 | D        | Found a hazy altar of Hepliaklqana.
   144 | D        | Found a stormy altar of Qazlal.
   144 | D        | Found a hide-covered altar of Uskayaw.
   144 | D        | Found a blossoming altar of Fedhas.
   144 | D        | Found a bloodstained altar of Trog.
   144 | D        | Found an iron altar of Okawaru.
   144 | D        | Found a basalt altar of Yredelemnul.
   144 | D        | Found a glowing golden altar of the Shining One.
   144 | D        | Found a snail-covered altar of Cheibriados.
   144 | D        | Found a sacrificial altar of Ru.
   144 | D        | Found a glowing silver altar of Zin.
   144 | D        | Found a shadowy altar of Dithmenos.
   144 | D        | Found a white marble altar of Elyvilon.
   144 | D        | Noticed a yak
   145 | D        | Found an opulent altar of Gozag.
   146 | D        | Killed a yak
   147 | D        | Reached skill level 21 in Stealth
   147 | D        | Found a sparkling altar of Nemelex Xobeh.
   152 | D        | Became a worshipper of Zin the Law-Giver
   152 | D        | Reached * piety under Zin
   152 | D        | Reached ** piety under Zin
   152 | D        | Reached *** piety under Zin
   152 | D        | Reached **** piety under Zin
   152 | D        | Reached ***** piety under Zin
   152 | D        | Reached ****** piety under Zin
   161 | D        | Noticed Sonja
   165 | D        | Killed Sonja
   166 | D        | Reached skill level 25 in Stealth
   166 | D        | Reached XP level 7. HP: 35/35 MP: 8/8
   179 | D        | Found Kuabrite's General Store.
   190 | D        | Noticed a shining eye
   190 | D        | Noticed a shining eye
   190 | D        | Noticed a shining eye
   190 | D        | Noticed a shining eye
   190 | D        | Noticed a shining eye
   190 | D        | Noticed a shining eye
   193 | D        | Reached XP level 8. HP: 39/39 MP: 9/9
   193 | D        | Noticed a shining eye
   193 | D        | Noticed a shining eye
   196 | D        | Reached skill level 5 in Dodging
   202 | D        | Reached skill level 5 in Short Blades
   203 | D        | Killed a shining eye
   204 | D        | Killed a shining eye
   205 | D        | Reached skill level 5 in Fighting
   205 | D        | Reached skill level 26 in Stealth
   205 | D        | Reached XP level 9. HP: 47/47 MP: 10/10
   207 | D        | Killed a shining eye
   213 | D        | Killed a shining eye
   214 | D        | Reached skill level 10 in Dodging
   247 | D        | Killed a shining eye
   287 | D        | Killed a shining eye
   288 | D        | Reached skill level 27 in Stealth
   319 | D        | Killed a shining eye
   320 | D        | Reached XP level 10. HP: 55/55 MP: 11/11
   344 | D        | Killed a shining eye
   345 | D        | Reached skill level 10 in Short Blades
   369 | D        | Fell from the grace of Zin
   369 | D        | Became a worshipper of Gozag Ym Sagoz the Greedy
   381 | D        | Noticed a deep troll
   429 | D        | Slain by a deep troll

Illustrated notes

Levels and vault maps discovered:
D:        dungeon_sprint_1 [red_sonja_temple_1, red_sonja_temple_small_1]

Skill      XL: |  1  2  3  4  5  6  7  8  9 10 |
---------------+-------------------------------+-----
Stealth        | 8 13 18 25 26 27 | 27.0
Fighting       | 5 7 |  7.7
Short Blades   | 7 9 10 | 10.0
Dodging        | 8 11 12 | 12.6

Action                     |  1- 3 |  4- 6 |  7- 9 | 10-12 || total
---------------------------+-------+-------+-------+-------++-------
  Melee: Short sword       |     9 |     4 |   101 |    63 ||   177
         Punch             |       |       |     3 |       ||     3
  Evoke: Wand              |     1 |       |       |       ||     1
    Use: Potion            |     1 |       |       |     3 ||     4
   Stab: Sleeping          |     1 |     4 |     8 |       ||    13
  Dodge: Dodged            |     2 |       |       |    39 ||    41
